cohdb
Replays
Latest Replays
All Replays
Popular Replays
Top Player Replays
Match Explorer
How It Works
Community
CoH3 Stats
Reddit
Sign in to upload your games and track your stats! →
Sign in with Steam
Match 45831288
Unlisted
Match 45831288
Overview
Messages
Build Orders
End
Construct Section Command Post
Selects Indian Artillery Battlegroup
Infantry Section
Infantry Section
Vickers Machine Gun Team
Selects Towed ML 4.2-inch Heavy Mortar
Towed ML 4.2-inch Heavy Mortar
Construct Platoon Command Post
6-pounder Anti-tank Gun Team
Construct Company Command Post
Selects Valour
Selects Gurkha Rifles Section
Gurkha Rifles Section
Matilda II Heavy Tank
Selects Off-map Airburst Barrage
Unlock M3 Grant Medium Tanks
Foot Guards Section
Selects Volunteer Infantry
M3 Grant Medium Tank
Selects Off-map Airburst Barrage
Off-map Airburst Barrage
Royal Engineer Section
Selects Perimeter Monitor
M3 Grant Medium Tank
M3 Grant Medium Tank
Off-map Airburst Barrage
CMP 15cwt Truck
Off-map Airburst Barrage
Royal Engineer Section
M3 Grant Medium Tank
M3 Grant Medium Tank
Off-map Airburst Barrage
Daghito
Adam Kadmon
Stratego
Giovanni
Wheanors McQueen
goatboy
ArT
Durth Sheetius
0
0
Comments
sign in to comment!
No comments posted yet!